 Dungeon Crawl Stone Soup version 0.20.0-15-g7f486f2 (webtiles) character file.

28 renl the Skirmisher (level 3, 0/24 HPs)
             Began as a Gargoyle Monk on July 2, 2017.
             Slain by a worker ant (6 damage)
             ... on level 3 of the Dungeon.
             The game lasted 00:05:33 (986 turns).

renl the Skirmisher (Gargoyle Monk)                  Turns: 986, Time: 00:05:33

Health: 0/24       AC:  6    Str: 15    XL:     3   Next: 14%
Magic:  3/3        EV: 13    Int: 10    God:
Gold:   52         SH:  0    Dex: 12    Spells: 2/2 levels left

rFire    + . .     SeeInvis .   a - +0 hand axe
rCold    x . .     Gourm    .   (no shield)
rNeg     + . .     Faith    .   b - +0 robe
rPois    ∞         Spirit   .   (no helmet)
rElec    +         Reflect  .   (no cloak)
rCorr    .         Harm     .   h - +0 pair of gloves
MR       +....                  (no boots)
Stlth    ++........             (no amulet)
Regen    0.1/turn               e - ring of fire
MPRegen  0.1/turn               k - ring of protection from magic

@: no status effects
A: negative energy resistance 1, electricity resistance, unbreathing,
petrification resistance, rot immunity, AC +3
a: no special abilities


You were on level 3 of the Dungeon.
You were not hungry.

You visited 1 branch of the dungeon, and saw 4 of its levels.

You collected 52 gold pieces.

Inventory:

Hand Weapons
 a - a +0 hand axe (weapon)
Armour
 b - a +0 robe (worn)
 h - a +0 pair of gloves (worn)
Jewellery
 e - a ring of fire (left hand)
 k - a ring of protection from magic (right hand)
Scrolls
 i - a scroll of recharging {unknown}
 j - a scroll of identify {unknown}
Potions
 d - 2 potions of might {unknown}
 f - a potion of lignification {unknown}
 l - a potion of magic {unknown}
 n - a potion of curing {unknown}
Comestibles
 c - a bread ration
 g - a meat ration
 m - a chunk of flesh


   Skills:
 + Level 3.8 Fighting
 * Level 3.1 Axes
 + Level 2.7 Dodging
 - Level 2.1 Stealth


You had 2 spell levels left.
You didn't know any spells.

Dungeon Overview and Level Annotations

Branches:
Dungeon (4/15)
 Temple: D:4-7

Altars:

Annotations:
D:4 exclusions: adder and ogre, Pestilence's ghost, amateur HOBe


Innate Abilities, Weirdness & Mutations

You are resistant to torment.
Your stone body is resilient. (AC +3)
You are immune to poison.
You resist negative energy. (rN+)
You are resistant to electric shocks. (rElec)
You can survive without breathing.
You are immune to petrification.
You are immune to rotting.


Message History

The worker ant barely misses you.
You hit the worker ant.
The worker ant is heavily wounded.
The worker ant bites you.
You slash the worker ant!
The worker ant is almost dead.
The worker ant bites you.
* * * LOW HITPOINT WARNING * * *
The worker ant closely misses you.
You hit the worker ant but do no damage.
The worker ant is almost dead.
The worker ant barely misses you.
You closely miss the worker ant.
The worker ant is almost dead.
The worker ant bites you but does no damage.
You barely miss the worker ant.
The worker ant is almost dead.
The worker ant waves its antennae.
The worker ant bites you.
You die...

####### ##......# ..
##........## ..
#######@.........# ..
........a........# .l
#######..........#### ..
#............. ..
#...........####..
##............<...
##........######.. ...
.##..........# ...
...#..#..........###.###


You could see a worker ant.

Vanquished Creatures
  A howler monkey skeleton (D:4)
  An ooze (D:3)
  A worm (D:2)
  A leopard gecko (D:4)
  An orc (D:4)
  2 bats (D:3)
  A hobgoblin (D:2)
  A jackal (D:4)
  A frilled lizard (D:2)
  A kobold (D:3)
11 creatures vanquished.

Notes
Turn   | Place    | Note
-------+----------+-------------------------------------------
     0 | D:1      | renl the Gargoyle Monk began the quest for the Orb.
     0 | D:1      | Reached XP level 1. HP: 14/14 MP: 1/1
   274 | D:3      | Reached XP level 2. HP: 17/19 MP: 2/2
   641 | D:4      | Noticed an ogre
   664 | D:4      | Reached XP level 3. HP: 16/24 MP: 3/3
   938 | D:4      | Noticed Pestilence's ghost (amateur HOBe)
   939 | D:4      | Noticed a phantom
   943 | D:4      | Noticed a scorpion
   986 | D:3      | Slain by a worker ant

Skill      XL: |  1  2 |
---------------+-------+-----
Axes           | 3 |  3.1
Fighting       | |  3.8
Dodging        | |  2.7
Stealth        | |  2.1

Action                   || total
-------------------------++-------
Melee: Hand axe          ||    46
 Stab: Sleeping          ||     1
Armor: Robe              ||    14
Dodge: Dodged            ||    30
